 Dungeon Crawl Stone Soup version 0.17-a0-1301-ga863c44 (webtiles) character file.

156 Fluffy the Cudgeler (level 5, -1/32 HPs)
             Began as a Gargoyle Fighter on June 7, 2015.
             Slain by Sigmund
             ... wielding a +0 scythe
              (6 damage)
             ... on level 3 of the Dungeon.
             The game lasted 00:05:30 (2241 turns).

Fluffy the Cudgeler (Gargoyle Fighter)              Turns: 2241, Time: 00:05:30

Health: -1/32      AC: 12    Str: 19    XL:     5   Next: 38%
Magic:  5/5        EV:  5    Int:  9    God:
Gold:   86         SH: 13    Dex: 10    Spells: 0 memorised, 4 levels left

rFire  . . .     SeeInvis .     a - +0 flail
rCold  . . .     Clarity  .     b - +0 scale mail
rNeg   + . .     SustAt   .     s - +0 large shield
rPois  ∞         Gourm    .     m - +0 helmet
rElec  +         Spirit   .     (no cloak)
rCorr  .         Warding  .     (no gloves)
rMut   .         Stasis   .     (no boots)
MR     .....                    (no amulet)
Stlth  ..........               (no ring)
                                (no ring)

@: not resistant to hostile enchantments, extremely unstealthy
A: negative energy resistance 1, electricity resistance, unbreathing,
petrification resistance, rot immunity, AC +4
a: no special abilities


You were on level 3 of the Dungeon.
You were near starving.

You visited 1 branch of the dungeon, and saw 3 of its levels.

You collected 86 gold pieces.

Inventory:

Hand weapons
 a - a +0 flail (weapon)
Armour
 b - a +0 scale mail (worn)
 m - a +0 helmet (worn)
 s - a +0 large shield (worn)
Scrolls
 f - 5 scrolls of identify {unknown}
 g - a scroll of remove curse {unknown}
 i - a scroll of random uselessness {unknown}
 k - a scroll of immolation {unknown}
 n - a scroll of amnesia {unknown}
 u - 2 scrolls of recharging {unknown}
 v - a scroll of teleportation {unknown}
Potions
 c - a potion of magic {unknown}
 d - 2 potions of might
 j - a potion of agility {unknown}
 l - a potion of curing
 o - a potion of poison {unknown}
 p - a potion of lignification {unknown}
 q - a potion of ambrosia {unknown}
Comestibles
 e - 5 bread rations
 h - a meat ration
 r - a fruit


   Skills:
 - Level 3.2 Fighting
 + Level 5.4 Maces & Flails
 - Level 3.2 Armour
 - Level 3.2 Shields


You had 4 spell levels left.
You didn't know any spells.

Dungeon Overview and Level Annotations

Branches:
Dungeon (3/15)

Altars:
Trog
The Shining One

Annotations:
D:3 1 runed door, Sigmund


Innate Abilities, Weirdness & Mutations

You are resistant to torment.
Your stone body is resilient (AC +4).
You are immune to poison.
You resist negative energy.
You are resistant to electric shocks.
You can survive without breathing.
You are immune to petrification.
You are immune to rotting.


Message History

* * * LOW HITPOINT WARNING * * *
Your shield and scale mail prevent you from hitting something.
Something hits you but does no damage.
You hit something but do no damage. Something hits you but does no damage.
You hit something. Something hits you but does no damage.
You miss something. You closely miss something.
You hear some strange, mumbled words.
A magic dart appears from out of thin air!
The magic dart hits you!
* * * LOW HITPOINT WARNING * * *
You closely miss something. You block its attack.
You miss something.
You hear some strange, mumbled words.
A puff of flame appears from out of thin air!
The puff of flame hits you!
You hear some strange, mumbled words.
Something tries to affect you, but you resist.
You miss something. Something hits you.
You die...

#..##.#.##.#.......... ###
.....#.##........#### ....#.
#.#.##....#.......
.....##...##....#.#.#### #
#.#......##....#.).###.
#.#.#..............##...##. ..
#.......##.#.##....##...#..
$...#.........<................
.....#..####.)#@#.##......#.....
...............#{#.##.##.....>...
...................##.##.#.......
.........#.##.####.##.##.........
.......)...@..####.##.##.........
...................##.##.#.......
#...............###.##.###...†.
#...............# #..<## ##....
#...............# ##### #....


There were no monsters in sight!

Vanquished Creatures
  An orc priest (D:3)
  Jessica (D:3)
  Robin (D:2)
  5 adders
  An ooze (D:2)
  An orc (D:3)
  12 goblins
  8 hobgoblins
  2 ball pythons
  5 bats
  5 kobolds
  5 rats
47 creatures vanquished.

Vanquished Creatures (others)
  2 worms (D:2)
  A rat (D:2)
3 creatures vanquished.

Grand Total: 50 creatures vanquished

Notes
Turn   | Place    | Note
--------------------------------------------------------------
     0 | D:1      | Fluffy the Gargoyle Fighter began the quest for the Orb.
     0 | D:1      | Reached XP level 1. HP: 14/14 MP: 1/1
   236 | D:1      | Reached XP level 2. HP: 19/19 MP: 2/2
   785 | D:2      | Reached XP level 3. HP: 12/23 MP: 3/3
   806 | D:2      | Noticed Robin
   827 | D:2      | Killed Robin
  1031 | D:2      | Found a bloodstained altar of Trog.
  1079 | D:2      | Reached skill level 4 in Maces & Flails
  1110 | D:2      | Reached XP level 4. HP: 23/28 MP: 4/4
  1669 | D:3      | Noticed Jessica
  1674 | D:3      | Killed Jessica
  1674 | D:3      | Reached skill level 5 in Maces & Flails
  1674 | D:3      | Reached XP level 5. HP: 25/32 MP: 5/5
  1755 | D:3      | Found a runed door.
  1762 | D:3      | Found a glowing golden altar of the Shining One.
  1762 | D:3      | Noticed an angel
  1854 | D:3      | Noticed Sigmund
  2241 | D:3      | Slain by Sigmund

Vault maps used:
D:1:      evilmike_arrival_hilbert_curve, feat_on_display
D:2:      nicolae_overflow_crystal_walls, lemuel_flame_loot_1, uniq_robin
D:3:      first_bread, lemuel_angel_altar, uniq_jessica, uniq_sigmund

Action                   |  1- 3 |  4- 6 || total
-------------------------+-------+-------++-------
Melee: Flail             |   116 |   130 ||   246
  Use: Potion            |       |     1 ||     1
  Eat: Chunk             |     1 |     2 ||     3
